 Dungeon Crawl Stone Soup version 0.16.2-12-gd0ad4c3 (webtiles) character file.

1171 Charly the Cleaver (level 8, 14/68 HPs)
             Began as a Deep Dwarf Gladiator on Aug 31, 2016.
             Quit the game on level 10 of the Dungeon.
             The game lasted 00:35:50 (1717 turns).

Charly the Cleaver (Deep Dwarf Gladiator)           Turns: 1717, Time: 00:35:50

Health: 14/68      AC: 12    Str: 19      XL:     8   Next: 18%
Magic:  7/7        EV: 11    Int:  9      God:
Gold:   214        SH:  0    Dex: 12 (15) Spells: 0 memorised, 7 levels left

rFire  . . .     SeeInvis .     a - +1 war axe
rCold  . . .     Clarity  .     g - +4 scale mail
rNeg   . . .     SustAb   .     (no shield)
rPois  .         Gourm    .     c - +0 helmet
rElec  .         Spirit   .     (no cloak)
rCorr  .         Warding  .     (no gloves)
rMut   .         Stasis   .     r - +0 pair of boots
MR     +....                    (no amulet)
Stlth  ..........               (no ring)
                                (no ring)

@: non-regenerating, somewhat resistant to hostile enchantments, extremely
unstealthy
A: damage resistance, recharge devices, sense surroundings 1, slow healing 3
a: Device Recharging


You were on level 10 of the Dungeon.
You were not hungry.

You visited 2 branches of the dungeon, and saw 11 of its levels.

You collected 214 gold pieces.

Inventory:

Hand weapons
 a - a +1 war axe (weapon)
Armour
 c - a +0 helmet (worn)
 g - a +4 scale mail (worn)
 r - a +0 pair of boots (worn)
Rods
 b - a +0 rod of ignition (5/11)
   (You found it on level 9 of the Dungeon)
Magical devices
 e - a wand of heal wounds (1)
 q - a wand of flame (23)
 s - a wand of lightning (0)
 t - a wand of frost (10)
Potions
 d - 2 potions of brilliance
 h - a potion of haste
 i - 2 potions of curing
 k - a potion of berserk rage {unknown}
 l - 2 potions of lignification
 n - 2 potions of ambrosia
 o - a potion of heal wounds {unknown}
Comestibles
 f - 5 bread rations
 m - 2 meat rations


   Skills:
 + Level 2.4 Fighting
 + Level 10.5 Axes
 - Level 1.7 Throwing
 - Level 1.0 Armour
 - Level 3.5 Dodging
 + Level 1.9 Evocations


You had 7 spell levels left.
You didn't know any spells.

Dungeon Overview and Level Annotations

Branches:
Dungeon (10/15)            Temple (1/1) D:7
   Lair: D:8-11         Orc: D:9-12

Altars:
Ashenzari
Cheibriados
Dithmenos
Elyvilon
Fedhas
Gozag
Kikubaaqudgha
Nemelex Xobeh
Okawaru
Qazlal
Ru
Sif Muna
Trog
Vehumet
Xom
Zin
The Shining One

Shops:
D:9 [

Annotations:
D:10 Gastronok


Innate Abilities, Weirdness & Mutations

You are resistant to damage.
You can recharge devices by infusing magical energy.
You passively map a small area around you.
You do not heal naturally.


Message History

Zapping:
e - a wand of heal wounds (2)
Press: ? - help, Shift-Dir - straight line, f - you You feel much better.
This wand has 1 charge left.
The troll bites you!
* * * LOW HITPOINT WARNING * * *
The troll claws you but does no damage. x2
You closely miss the troll. The troll closely misses you.
The troll barely misses you. x2
You slash the troll!
The troll is moderately wounded.
The troll bites you!
* * * LOW HITPOINT WARNING * * *
The troll claws you but does no damage. The troll misses you.
You completely miss the troll.
The troll is lightly wounded.
The troll barely misses you. The troll claws you.
* * * LOW HITPOINT WARNING * * *
The troll claws you.
* * * LOW HITPOINT WARNING * * *
Unknown command.
Are you sure you want to abandon this character and quit the game? (Confirm with "yes".)

.##.# , ** .##........#
.# ## , ##.#........#
.# * * # #..#........#
.#.. , , .#* ,
#..#........# ..# , .#
#, #.........# ..# * #.
#.#.## *#.........#
..#* #%# ..##.
#.).......# ..#
#$.#T#.., #(........#
..#*
#..@##.###..........
..# *
#...#.#.##†##......####
.. #..
..###.#.##......# , , #
...# #...#..#.....#
#.### #.#..#..#.....# ,
* *#...#.##.#.....#
##...##.##.....#, *
..###**. .#....# ###,
,.# # .... ,,


You could see a troll.

Vanquished Creatures
  Grinder (D:5)
  A sky beast (D:8)
  2 ogres
  Duvessa (D:6)
  A giant frog (D:9)
  A wyvern zombie (D:7)
  A scorpion (D:9)
  Dowan (D:6)
  A centaur skeleton (D:4)
  A giant frog skeleton (D:10)
  A quasit (D:7)
  3 orc wizards
  An iguana (D:10)
  6 worker ants
  3 gnolls (D:4)
  3 adders
  A shadow imp (D:7)
  A worm (D:2)
  An adder skeleton (D:10)
  A giant gecko (D:6)
  6 orcs
  3 bats
  2 giant cockroaches
  3 hobgoblins
  A quokka (D:10)
  A goblin (D:5)
  4 jackals (D:1)
  A kobold (D:2)
  A rat (D:7)
54 creatures vanquished.

Notes
Turn   | Place    | Note
--------------------------------------------------------------
     0 | D:1      | Charly, the Deep Dwarf Gladiator, began the quest for the Orb.
     0 | D:1      | Reached XP level 1. HP: 19/19 MP: 1/1
    95 | D:2      | Reached skill level 4 in Axes
    95 | D:2      | Reached XP level 2. HP: 26/26 MP: 2/2
   196 | D:5      | Entered Level 5 of the Dungeon
   216 | D:4      | Found an iron altar of Okawaru.
   302 | D:5      | Noticed an ogre
   318 | D:5      | Killed an ogre
   318 | D:5      | Reached skill level 5 in Axes
   318 | D:5      | Reached XP level 3. HP: 32/32 MP: 3/3
   318 | D:5      | Reached XP level 4. HP: 39/39 MP: 4/4
   370 | D:4      | Reached skill level 6 in Axes
   372 | D:4      | Reached XP level 5. HP: 24/45 MP: 5/5
   422 | D:5      | Noticed Grinder
   424 | D:5      | Paralysed by Grinder for 7 turns
   480 | D:5      | Killed Grinder
   480 | D:5      | Reached skill level 8 in Axes
   480 | D:5      | Reached XP level 6. HP: 39/52 MP: 6/6
   563 | D:6      | Found a shimmering altar of Xom.
   564 | D:6      | Noticed an angel
   573 | D:6      | Found a glowing silver altar of Zin.
   592 | D:6      | Noticed Dowan
   593 | D:6      | Noticed Duvessa
   608 | D:6      | Killed Duvessa
   650 | D:6      | Killed Dowan
   738 | D:7      | Found a glowing golden altar of the Shining One.
   880 | D:7      | Reached XP level 7. HP: 42/58 MP: 6/6
   940 | D:7      | Reached skill level 9 in Axes
  1250 | D:7      | Reached skill level 10 in Axes
  1258 | D:7      | Found a staircase to the Ecumenical Temple.
  1266 | Temple   | Entered the Ecumenical Temple
  1453 | D:8      | Found an ancient bone altar of Kikubaaqudgha.
  1482 | D:10     | Entered Level 10 of the Dungeon
  1486 | D:9      | Found Xearhuen's Armour Shoppe.
  1505 | D:8      | Found a radiant altar of Vehumet.
  1508 | D:8      | Found a blossoming altar of Fedhas.
  1509 | D:8      | Found a sacrificial altar of Ru.
  1527 | D:8      | Reached XP level 8. HP: 22/67 MP: 6/6
  1550 | D:9      | Reached skill level 1 in Armour
  1583 | D:9      | Identified a +0 rod of ignition (11/11) (You found it on level 9 of the Dungeon)
  1596 | D:9      | Found a deep blue altar of Sif Muna.
  1651 | D:10     | Reached skill level 1 in Evocations
  1657 | D:10     | Noticed Gastronok
  1701 | D:10     | Noticed a troll
  1717 | D:10     | Quit the game

Action                   |  1- 3 |  4- 6 |  7- 9 || total
-------------------------+-------+-------+-------++-------
Melee: War axe           |    32 |    89 |   131 ||   252
Throw: Throwing net      |     5 |    13 |       ||    18
 Abil: Device Recharging |       |     1 |     2 ||     3
Evoke: Wand              |     1 |     7 |     8 ||    16
       Rod               |       |       |     1 ||     1
  Use: Scroll            |     6 |     5 |     3 ||    14
       Potion            |       |     1 |       ||     1
 Stab: Held in net/web   |       |     6 |       ||     6
  Eat: Beef jerky        |     1 |       |       ||     1
       Bread ration      |       |       |     1 ||     1
